 Seeded DCSS version 0.30-a0-715-gdb4ae3ece1 (webtiles) character file.

Game seed: 342128223821957488 (custom seed)

6689 flotson the Trooper (level 10, 0/77 HPs)
             Began as a Demonspawn Delver on Jan 24, 2023.
             Was an Initiate of Gozag.
             Slain by Grum
             ... wielding a +0 heavy spear
              (13 damage)
             ... in a bailey.
             The game lasted 00:17:35 (8878 turns).

flotson the Trooper (Demonspawn Delver)             Turns: 8878, Time: 00:17:35

Health: 0/77       AC: 14    Str: 17    XL:     10   Next: 74%
Magic:  0/16       EV: 12    Int: 11    God:    Gozag
Gold:   1144       SH:  0    Dex: 15    Spells: 14/18 levels left

rFire   . . .      SeeInvis .    a - +3 morningstar (freeze)
rCold   . . .      Faith    .    (no shield)
rNeg    . . .      Spirit   +    e - +0 scale mail
rPois   .          Reflect  .    (no helmet)
rElec   .          Harm     .    t - +0 cloak
rCorr   .          Rampage  .    (no gloves)
Will    .....                    (no boots)
Stlth   ++                       q - amulet of guardian spirit
HPRegen 0.32/turn                i - ring of wizardry
MPRegen 0.15/turn                z - +4 ring of slaying

@: gold aura, sanguine armoured
A: hooves 2, foul stench 2, powered by pain 1, sanguine armour 1
a: Renounce Religion, Potion Petition, Call Merchant, Bribe Branch


You were in a bailey.
You worshipped Gozag.
Gozag was most pleased with you.
You visited 1 branch of the dungeon, and saw 10 of its levels.
You also visited: Bailey.

You collected 1254 gold pieces.
You spent 36 gold pieces at shops.
You paid 74 gold pieces to Gozag.

Inventory:

Hand Weapons
 a - a +3 morningstar of freezing (weapon)
Missiles
 u - 3 poisoned darts (quivered)
 E - 2 throwing nets
Armour
 e - a +0 scale mail (worn)
 t - a +0 cloak (worn)
Jewellery
 i - a ring of wizardry (left hand)
 l - a ring of see invisible
 m - a ring of resist corrosion
 q - an amulet of guardian spirit (around neck)
 z - a +4 ring of slaying (right hand)
 M - a ring of protection from fire
Wands
 g - a wand of digging (8)
 j - a wand of roots (5)
 w - a wand of flame (3)
 C - a wand of mindburst (5)
 H - a wand of polymorph (7)
 K - a wand of quicksilver (3)
Scrolls
 b - a scroll of vulnerability {unknown}
 c - 2 scrolls of fog
 d - a scroll of enchant armour {unknown}
 h - 3 scrolls of teleportation {unknown}
 n - a scroll of magic mapping
 o - 2 scrolls of enchant weapon {unknown}
 p - 4 scrolls of blinking {unknown}
 v - 3 scrolls of immolation {unknown}
 y - 2 scrolls of poison {unknown}
 G - a scroll of noise {unknown}
 L - a scroll of acquirement {unknown}
Potions
 f - 4 potions of haste
 k - 2 potions of lignification
 s - 6 potions of attraction
 x - 6 potions of curing
 A - 2 potions of flight
 B - a potion of resistance
 D - a potion of might {unknown}
 F - 2 potions of heal wounds
 I - a potion of magic {unknown}
 J - 2 potions of ambrosia
Miscellaneous
 r - a piece from Xom's chessboard (14/15)


   Skills:
 + Level 6.7 Fighting
 - Level 2.2(4.0) Axes
 + Level 5.2(5.5) Maces & Flails
 + Level 5.2 Throwing
 + Level 5.2 Armour
 + Level 5.8 Dodging
 - Level 5.0 Stealth
 + Level 4.5 Spellcasting
 + Level 5.2 Necromancy
 + Level 5.7 Evocations


You had 14 spell levels left.
You knew the following spells:

 Your Spells              Type           Power      Damage    Failure   Level
a - Necrotise             Necr           56%        1d6       3%          1
b - Vampiric Draining     Necr           14%        2d7       10%         3

Your spell library contained the following spells:

 Spells                   Type           Power      Damage    Failure   Level
 Magic Dart               Conj           8%         1d3       26%         1
 Searing Ray              Conj           4%         2d4       38%         2
 Portal Projectile        Hex/Tloc       4%         N/A       61%         3
 Tukima's Dance           Hex            2%         N/A       61%         3
 Agony                    Necr           14%        N/A       61%         5
 Fulminant Prism          Conj/Hex       1%         3d5       93%         4
 Blade Hands              Tmut           1%         N/A       99%         5
 Conjure Ball Lightning   Conj/Air       1%         3x3d6     100%        6
 Discord                  Hex            1%         N/A       100%        8
 Disjunction              Tloc           1%         N/A       100%        8


Dungeon Overview and Level Annotations

Branches:
Dungeon (10/15)            Temple (0/1) D:7            Lair (0/5) D:8
 Bailey (1/1)
    Orc: D:9-12

Altars:
Ashenzari
Gozag
Hepliaklqana
Makhleb
Nemelex Xobeh
Qazlal
Sif Muna

Shops:
D:2 (*[   D:8 =   D:9 [

Annotations:
D:8 3 runed translucent doors, superbruh's ghost, novice MiFi Bailey Grum


Innate Abilities, Weirdness & Mutations

You have hoof-like feet.
You sometimes emit foul miasma when damaged in melee.
You sometimes gain a little power by taking damage.
When seriously injured, your blood forms armour. (AC +6)


Message History

You closely miss the wolf.
The wolf is severely wounded.
The wolf bites you.
You emit a cloud of foul miasma!
A gnoll comes into view. It is wielding a +0 spear.
The gnoll closely misses you.
The wolf is engulfed in dark miasma.
The wolf is poisoned.
The wolf bites you but does no damage. The gnoll closely misses you.
The gnoll shouts!
You hit the wolf. You freeze the wolf.
The wolf is almost dead.
The wolf is engulfed in dark miasma.
The wolf looks even sicker.
The wolf seems to slow down.
You kill the wolf!
Grum closely misses you. The gnoll misses you.
Aiming: Fastroot
Press: ? - help, Shift-Dir - straight line, f - Grum
Aim: Grum, wielding a +0 heavy spear and wearing a +2 animal skin The roots erupt in riotous growth!
Roots grab Grum.
Roots grab the gnoll. x2
The grasping roots constrict the gnoll. x2; The grasping roots constrict Grum.
You hear a howl!
You hear a shout! x6; You hear a howl!
You hear a shout!
The gnoll hits you from afar with a +0 halberd!
* * * LOW HITPOINT WARNING * * *
The gnoll struggles to escape constriction.
You hear a shout! x3
The grasping roots constrict the gnoll!
You kill the gnoll!
The grasping roots constrict the gnoll.
The grasping roots constrict Grum!
Grum escapes!
The gnoll struggles to escape constriction.
There is an open gate here.
The grasping roots constrict the gnoll.
The gnoll escapes!
The gnoll hits you from afar with a +0 halberd!
* * * LOW HITPOINT WARNING * * *
Grum closely misses you. The gnoll closely misses you.
You hit the gnoll. You freeze the gnoll.
You kill the gnoll!
Grum hits you with a +0 heavy spear!!
You die...
Your body crumbles into a pile of gold.

♣♣≈≈.. ♣.≈..# ♣♣.≈..#$
♣♣..≈..# ♣...≈..# ####
♣...≈..# #...##
♣♣...≈..######.....#
#♣♣♣....)g.'.$.#$..$...
#∩..∩..)..@$.$$$$..8...
#♣♣♣.......$.)$#$..$...
♣♣...≈..######.....#
♣♣..≈..# #...## ♣..≈..#
#### ♣..≈..# ♣♣.≈..#
♣.≈..#


You could see Grum.

Vanquished Creatures
  2 two-headed ogres
  Pikel (D:8)
  The ghost of Darius099 the Shield-Bearer, a novice GrFi of Okawaru (D:6)
  Sigmund (D:3)
  2 wyverns
  3 steam dragons
  A water moccasin (D:8)
  2 ice beasts (D:6)
  A sky beast (D:6)
  A black bear (D:5)
  An ogre (D:6)
  An orc warrior (D:7)
  A wolf (Bailey)
  4 centaurs
  A phantom (D:6)
  4 bullfrogs
  4 gnoll sergeants
  A necrophage (D:7)
  4 scorpions
  8 wights
  11 killer bees
  6 howler monkeys
  4 hounds
  5 orc priests
  A jelly (D:7)
  2 gnoll boudas (Bailey)
  3 iguanas
  7 orc wizards
  21 gnolls
  An adder (D:4)
  A shadow imp (D:5)
  5 worms
  A dart slug (D:1)
  17 orcs
  3 ball pythons
  5 bats
  3 endoplasms
  3 giant cockroaches (D:1)
  4 goblins
  5 hobgoblins
  6 kobolds
  3 quokkas
  2 frilled lizards (D:1)
  4 rats (D:1)
167 creatures vanquished.

Notes
Turn   | Place    | Note
-------+----------+-------------------------------------------
     0 | D:5      | flotson the Demonspawn Delver began the quest for the Orb.
     0 | D:5      | Reached XP level 1. HP: 18/18 MP: 1/1
     3 | D:5      | Noticed an orc wizard
     4 | D:5      | Noticed an orc priest
    26 | D:5      | Noticed an iguana
    68 | D:4      | Found a burning altar of Makhleb.
   365 | D:2      | Gained mutation: You may rarely emit foul miasma when
                  | damaged in melee. [demonic ancestry]
   365 | D:2      | Reached XP level 2. HP: 17/24 MP: 2/2
   738 | D:1      | Found a faded altar of an unknown god.
   788 | D:1      | Reached skill level 1 in Armour
   788 | D:1      | Gained mutation: You have large cloven feet. [demonic
                  | ancestry]
   788 | D:1      | Reached XP level 3. HP: 29/29 MP: 3/3
  1321 | D:2      | Found Ynezer's Armour Shop.
  1332 | D:2      | Reached skill level 1 in Evocations
  1444 | D:2      | Found Inih's General Store.
  1450 | D:2      | Found Xayradut's Weapon Emporium.
  1452 | D:2      | Bought a throwing net for 36 gold pieces
  1954 | D:3      | Found an opulent altar of Gozag.
  2032 | D:3      | Found a hazy altar of Hepliaklqana.
  2078 | D:3      | Found a shimmering blue altar of Sif Muna.
  2123 | D:3      | Became a worshipper of Gozag Ym Sagoz the Greedy
  2194 | D:3      | Noticed Sigmund
  2209 | D:3      | Killed Sigmund
  2210 | D:3      | Reached skill level 1 in Maces & Flails
  2210 | D:3      | Reached skill level 1 in Throwing
  2210 | D:3      | Reached skill level 5 in Stealth
  2210 | D:3      | Reached XP level 4. HP: 29/36 MP: 2/4
  2210 | D:3      | Gained mutation: You sometimes emit foul miasma when
                  | damaged in melee. [demonic ancestry]
  2210 | D:3      | Reached XP level 5. HP: 33/41 MP: 2/5
  2346 | D:3      | Found a broken altar of Ashenzari.
  2348 | D:3      | Found a stormy altar of Qazlal.
  3262 | D:5      | Gained mutation: When seriously injured, your blood forms
                  | armour. (AC +6) [demonic ancestry]
  3262 | D:5      | Reached XP level 6. HP: 37/48 MP: 3/6
  3478 | D:5      | Reached skill level 4 in Fighting
  3928 | D:5      | Reached XP level 7. HP: 31/54 MP: 5/7
  4260 | D:5      | Noticed a steam dragon
  4271 | D:5      | Killed a steam dragon
  4680 | D:6      | Learned a level 1 spell: Necrotise
  4861 | D:6      | Reached skill level 1 in Necromancy
  4861 | D:6      | Gained mutation: You sometimes gain a little power by
                  | taking damage. [demonic ancestry]
  4861 | D:6      | Reached XP level 8. HP: 44/61 MP: 4/9
  4862 | D:6      | Reached skill level 1 in Spellcasting
  5307 | D:6      | Reached skill level 5 in Fighting
  5556 | D:6      | Found a runed translucent door.
  5556 | D:6      | Noticed Darius099's ghost (novice GrFi)
  5874 | D:6      | Killed Darius099's ghost
  5875 | D:6      | Reached XP level 9. HP: 49/68 MP: 8/12
  6577 | D:7      | Found a staircase to the Ecumenical Temple.
  6863 | D:8      | Found a staircase to the Lair.
  6883 | D:8      | Noticed Pikel
  7153 | D:8      | Killed Pikel
  7154 | D:8      | Reached skill level 6 in Fighting
  7154 | D:8      | Reached skill level 5 in Dodging
  7156 | D:8      | Found Piharuh's Jewellery Shoppe.
  7220 | D:8      | Found a runed translucent gate.
  7313 | D:8      | Reached skill level 5 in Evocations
  7324 | D:8      | Gained mutation: You have hoof-like feet. [demonic
                  | ancestry]
  7324 | D:8      | Reached XP level 10. HP: 62/76 MP: 13/15
  7512 | D:8      | Found a runed translucent gate.
  7512 | D:8      | Found a runed translucent gate.
  7513 | D:8      | Found an opulent altar of Gozag.
  7514 | D:8      | Noticed superbruh's ghost (novice MiFi)
  7515 | D:8      | Noticed a deep elf pyromancer
  7560 | D:9      | Found Daymiex's Antique Armour Boutique.
  7735 | D:9      | Noticed a two-headed ogre
  7739 | D:9      | Killed a two-headed ogre
  7853 | D:9      | Found a sparkling altar of Nemelex Xobeh.
  8110 | D:9      | Learned a level 3 spell: Vampiric Draining
  8477 | D:10     | Entered Level 10 of the Dungeon
  8510 | D:10     | Reached skill level 5 in Maces & Flails
  8516 | D:10     | Reached skill level 5 in Armour
  8592 | D:10     | Found a flagged portal.
  8593 | D:10     | Noticed a two-headed ogre
  8600 | D:10     | Killed a two-headed ogre
  8601 | D:10     | Reached skill level 5 in Throwing
  8601 | D:10     | Reached skill level 5 in Necromancy
  8616 | Bailey   | Entered a bailey
  8865 | Bailey   | Noticed Grum
  8878 | Bailey   | Slain by Grum

Illustrated notes

Levels and vault maps discovered:
D:1:      lightli_arrival_noodles, layout_basic, ebering_ecumenical_altar_rust
D:2:      layout_loops_cross, serial_shops, shop, nicolae_shop_crystal,
          nicolae_shop_crystal, chequers_serial_rivers_micro_e,
          nicolae_wormholes
D:3:      layout_rooms, nzn_hepliaklqana_mist_gate, minitemple,
          mainiacjoe_overflow_concentric_impassable, uniq_sigmund
D:4:      layout_cave_pods, mainiacjoe_overflow_surrounded_room
D:5:      layout_basic, serial_bayou_ford_a
D:6:      layout_cave_pools, zin_treasury, serial_column_ruins,
          column_ruins_open_large, column_ruins_columns_corner,
          column_ruins_columns_straight, column_ruins_columns_T,
          hellmonk_ghost_happy_afterlife
D:7:      layout_cave_pools, temple_hall
D:8:      layout_cave_pools, nicolae_overflow_hidden_temple,
          ebering_ghost_gozag, minmay_shop_enchanted_jewellery, uniq_pikel
D:9:      layout_irregular_city, nemelex_spade_bored_becter, serial_shops, shop
D:10:     layout_gridville, lightli_bailey_entry_fortress
Bailey:   bailey_polearm_gnolls_kennysheep, bailey

Skill      XL: |  1  2  3  4  5  6  7  8  9 10 |
---------------+-------------------------------+-----
Axes           | 2 |  2.2
Dodging        | 2 3 4 5 |  5.8
Armour         | 1 2 3 4 5 |  5.2
Evocations     | 1 2 3 4 5 |  5.7
Maces & Flails | 1 2 3 4 5 |  5.2
Throwing       | 1 2 3 4 5 |  5.2
Stealth        | 5 |  5.0
Fighting       | 4 5 6 |  6.7
Necromancy     | 1 2 4 5 |  5.2
Spellcasting   | 2 3 4 |  4.5

Action                     |  1- 3 |  4- 6 |  7- 9 | 10-12 || total
---------------------------+-------+-------+-------+-------++-------
  Melee: Hand axe          |    62 |       |       |       ||    62
         Dagger            |    57 |    69 |    45 |       ||   171
         Kick              |    14 |    20 |    49 |    34 ||   117
         Punch             |       |     3 |     4 |     2 ||     9
         Morningstar       |       |       |   102 |   101 ||   203
  Throw: Dart              |     5 |     4 |     3 |     2 ||    14
         Throwing net      |     1 |       |       |       ||     1
   Cast: Necrotise         |       |       |     1 |     3 ||     4
  Evoke: Wand              |       |       |    10 |     9 ||    19
         Piece from Xom's  |       |       |       |     1 ||     1
    Use: Scroll            |     2 |       |     1 |    10 ||    13
   Stab: Sleeping          |     8 |       |     1 |     1 ||    10
         Held in net/web   |     1 |       |       |       ||     1
 Armour: Scale mail        |    45 |    24 |    79 |    51 ||   199
         Leather armour    |     2 |       |       |       ||     2
  Dodge: Dodged            |    53 |    31 |   103 |   105 ||   292

Table legend: (Time is in decaauts)
 A = Elapsed time spent in this place.
 B = Non-inter-level travel time spent in this place.
 C = Inter-level travel time spent in this place.
 D = Time resting spent in this place.
 E = Time spent auto-exploring this place.
 F = Levels seen in this place.
 G = Mean time per level.
                   A        B        C        D        E       F      G
               +--------+--------+--------+--------+--------+-----+--------+
         Total |   8964 |   8640 |    324 |    531 |   6537 |  11 |  814.9 |
       Dungeon |   8694 |   8370 |    324 |    531 |   6360 |  10 |  869.4 |
        Bailey |    269 |    269 |      0 |      0 |    177 |   1 |  269.0 |
               +--------+--------+--------+--------+--------+-----+--------+

Top non-repeatable levels by time:
     D:5: 1828 daAuts
     D:6: 1024 daAuts
     D:9: 925 daAuts
     D:4: 901 daAuts
     D:1: 847 daAuts
     D:8: 778 daAuts
     D:3: 762 daAuts
     D:7: 761 daAuts
     D:2: 715 daAuts
  Bailey: 269 daAuts
    D:10: 149 daAuts
